MID
AUGUSTA GREENJACKETS @ DAYTON DRAGONS
08/03/2047
 
TOP OF THE 1ST
Augusta GreenJackets batting - Pitching for Dayton Dragons : LHP Josue Silva
Pitching: LHP Josue Silva
Batting: LHB Gil Caraveo 0-0: Ground out 4-3 (Groundball, 4, EV 100.6 MPH)
Batting: RHB Matt Shepard 0-0: Ball
1-0: Ball
2-0: Foul Ball, location: 2F
2-1: SINGLE (Line Drive, 9S, EV 99.4 MPH)
Batting: RHB Frank Pena 0-0: Swinging Strike
0-1: Foul Ball, location: 2F
0-2: Foul Ball, location: 2F
0-2: Foul Ball, location: 2F
0-2: Ball
1-2: Foul Ball, location: 2F
1-2: Ball
2-2: Foul Ball, location: 2F
2-2: Ball
3-2: Foul Ball, location: 2F
3-2: 2-RUN HOME RUN (Line Drive, 7D, EV 95.0 MPH), Distance : 363 ft
Batting: RHB Adam Solesbee 0-0: SINGLE (Line Drive, 9LS, EV 91.2 MPH)
Batting: RHB Drew Duncan 0-0: Called Strike
0-1: Ball
Passed Ball!
Adam Solesbee to second
1-1: Foul Ball, location: 2F
1-2: Strikes out swinging
Batting: RHB Ian Richardson 0-0: Ball
1-0: Ball
2-0: Ball
3-0: Base on Balls
Batting: RHB Omar Jordan 0-0: Ball
1-0: Ball
2-0: Foul Ball, location: 2F
2-1: Foul Ball, location: 2F
2-2: Strikes out swinging
Top of the 1st over - 2 runs, 3 hits, 0 errors, 2 left on base; Augusta 2 - Dayton 0
BOTTOM OF THE 1ST
Dayton Dragons batting - Pitching for Augusta GreenJackets : RHP Ryan Hoagland
Pitching: RHP Ryan Hoagland
Batting: LHB Fernando Gomez 0-0: Ball
1-0: Called Strike
1-1: Ball
2-1: Ground out 4-3 (Groundball, 4, EV 81.2 MPH)
Batting: RHB Pedro Pinero 0-0: Ball
1-0: Ball
2-0: Foul Ball, location: 2F
2-1: Ball
3-1: Base on Balls
Batting: RHB Mark Williams 0-0: Called Strike
0-1: Foul Ball, location: 2F
0-2: Ball
1-2: Hit by Pitch
Pedro Pinero to second
Batting: LHB Chris Redhead 0-0: Ball
Pedro Pinero steals 3rd base
Mark Williams to second
1-0: Called Strike
1-1: Ball
2-1: Called Strike
2-2: Foul Ball, location: 2F
2-2: Ground out U3 (Groundball, 3, EV 84.4 MPH)
Batting: RHB Tony Casas 0-0: Swinging Strike
0-1: SINGLE (Groundball, 34D, EV 103.8 MPH)
Pedro Pinero scores
Mark Williams to third
Runner from 3rd tries for Home, SAFE, throw by RF to home
Batting: LHB Brian Snyder 0-0: Ball
Tony Casas steals 2nd base (no throw)
1-0: DOUBLE (Line Drive, 5D, EV 96.2 MPH)
Tony Casas scores
Batting: RHB Joe Kooyers 0-0: Ball
1-0: Swinging Strike
1-1: Ball
2-1: Called Strike
2-2: Strikes out swinging
Bottom of the 1st over - 3 runs, 2 hits, 0 errors, 1 left on base; Augusta 2 - Dayton 3
TOP OF THE 2ND
Augusta GreenJackets batting - Pitching for Dayton Dragons : LHP Josue Silva
Batting: RHB Mike Jones 0-0: Ball
1-0: Foul Ball, location: 2F
1-1: Foul Ball, location: 2F
1-2: Strikes out swinging
Batting: RHB Gabe Ochoa 0-0: Ball
1-0: Called Strike
1-1: Ground out 5-3 (Groundball, 56S, EV 71.9 MPH)
Batting: LHB Gil Caraveo 0-0: Ground out 4-3 (Groundball, 4, EV 88.1 MPH)
Top of the 2nd over - 0 runs, 0 hits, 0 errors, 0 left on base; Augusta 2 - Dayton 3
BOTTOM OF THE 2ND
Dayton Dragons batting - Pitching for Augusta GreenJackets : RHP Ryan Hoagland
Batting: LHB Phil Lomax 0-0: Ball
1-0: Ground out 5-3 (Groundball, 56S, EV 86.2 MPH)
Batting: LHB Armando Arellano 0-0: Ball
1-0: Foul Ball, location: 2F
1-1: Ground out 6-3 (Groundball, P, EV 84.4 MPH)
Batting: LHB Fernando Gomez 0-0: Ground out 6-3 (Groundball, 6, EV 83.8 MPH)
Bottom of the 2nd over - 0 runs, 0 hits, 0 errors, 0 left on base; Augusta 2 - Dayton 3
TOP OF THE 3RD
Augusta GreenJackets batting - Pitching for Dayton Dragons : LHP Josue Silva
Batting: RHB Matt Shepard 0-0: Foul Ball, location: 2F
0-1: Ball
1-1: Swinging Strike
1-2: DOUBLE (Groundball, 3L, EV 107.5 MPH)
Batting: RHB Frank Pena 0-0: Ground out 6-3 (Groundball, 6MS, EV 89.4 MPH)
Matt Shepard to third
Batting: RHB Adam Solesbee 0-0: Ball
1-0: 2-RUN HOME RUN (Flyball, 78XD, EV 101.2 MPH), Distance : 392 ft
Batting: RHB Drew Duncan 0-0: Ball
1-0: Foul Ball, location: 2F
1-1: Foul Ball, location: 2F
1-2: Foul Ball, location: 2F
1-2: Foul Ball, location: 2F
1-2: Ball
2-2: Fly out, F8 (Flyball, 8RM, EV 98.1 MPH)
Batting: RHB Ian Richardson 0-0: Swinging Strike
0-1: Ball
1-1: Swinging Strike
1-2: Ball
2-2: SOLO HOME RUN (Flyball, 9D, EV 99.4 MPH), Distance : 377 ft
Pitching: RHP Ace Gaskins
Batting: RHB Omar Jordan 0-0: Foul Ball, location: 2F
0-1: Ball
1-1: Foul Ball, location: 2F
1-2: Ball
2-2: Strikes out swinging
Top of the 3rd over - 3 runs, 3 hits, 0 errors, 0 left on base; Augusta 5 - Dayton 3
BOTTOM OF THE 3RD
Dayton Dragons batting - Pitching for Augusta GreenJackets : RHP Ryan Hoagland
Batting: RHB Pedro Pinero 0-0: Called Strike
0-1: Swinging Strike
0-2: Ground out 4-3 (Groundball, 4, EV 83.8 MPH)
Batting: RHB Mark Williams 0-0: Ground out 4-3 (Groundball, 4, EV 97.5 MPH)
Batting: LHB Chris Redhead 0-0: Called Strike
0-1: Ball
1-1: Ball
2-1: Called Strike
2-2: Foul Ball, location: 2F
2-2: Strikes out swinging
Bottom of the 3rd over - 0 runs, 0 hits, 0 errors, 0 left on base; Augusta 5 - Dayton 3
TOP OF THE 4TH
Augusta GreenJackets batting - Pitching for Dayton Dragons : RHP Ace Gaskins
Batting: RHB Mike Jones 0-0: Called Strike
0-1: Ground out 6-3 (Groundball, 6, EV 82.5 MPH)
DELAY Rain delay of 69 minutes in the 4th inning.
Batting: RHB Gabe Ochoa 0-0: Ball
1-0: Swinging Strike
1-1: Called Strike
1-2: Ball
2-2: Ground out 6-3 (Groundball, 6S, EV 93.1 MPH)
Batting: LHB Gil Caraveo 0-0: Foul Ball, location: 2F
0-1: Swinging Strike
0-2: Ball
1-2: DOUBLE (Line Drive, 7LS, EV 113.8 MPH)
Batting: RHB Matt Shepard 0-0: Called Strike
0-1: 2-RUN HOME RUN (Flyball, 7D, EV 96.9 MPH), Distance : 359 ft
Batting: RHB Frank Pena 0-0: TRIPLE (Flyball, 8RXD, EV 103.8 MPH)
Batting: RHB Adam Solesbee 0-0: Swinging Strike
0-1: Ball
1-1: Foul Ball, location: 2F
1-2: Foul Ball, location: 2F
1-2: Foul Ball, location: 2F
1-2: SINGLE (Groundball, 6MD, EV 106.9 MPH)
Frank Pena scores
Pitching: RHP Colin Stone
Batting: RHB Drew Duncan 0-0: Ball
1-0: Called Strike
1-1: Swinging Strike
1-2: Ball
2-2: SINGLE (Groundball, 34D, EV 107.5 MPH)
Adam Solesbee to second
Runner from 2nd tries for 3rd, SAFE, throw by RF made to third
Batting: RHB Ian Richardson 0-0: Ball
1-0: 3-RUN HOME RUN (Flyball, 7D, EV 95.0 MPH), Distance : 362 ft
Batting: RHB Omar Jordan 0-0: Ground out 4-3 (Groundball, 4, EV 101.2 MPH)
Top of the 4th over - 6 runs, 6 hits, 0 errors, 0 left on base; Augusta 11 - Dayton 3
BOTTOM OF THE 4TH
Dayton Dragons batting - Pitching for Augusta GreenJackets : RHP Ryan Hoagland
Batting: RHB Tony Casas 0-0: Foul Ball, location: 2F
0-1: Called Strike
0-2: Foul Ball, location: 2F
0-2: Fly out, F7 (Flyball, 7D, EV 103.8 MPH)
Batting: LHB Brian Snyder 0-0: Called Strike
0-1: Ball
1-1: Foul Ball, location: 2F
1-2: Ground out 6-3 (Groundball, 4, EV 102.5 MPH)
Batting: RHB Joe Kooyers 0-0: Called Strike
0-1: Fly out, F8 (Line Drive, 78D, EV 90.0 MPH)
Bottom of the 4th over - 0 runs, 0 hits, 0 errors, 0 left on base; Augusta 11 - Dayton 3
TOP OF THE 5TH
Augusta GreenJackets batting - Pitching for Dayton Dragons : RHP Colin Stone
Batting: RHB Mike Jones 0-0: Called Strike
0-1: Called Strike
0-2: Foul Ball, location: 2F
0-2: Foul Ball, location: 2F
0-2: Ground out U3 (Groundball, 3, EV 80.0 MPH)
Batting: RHB Gabe Ochoa 0-0: Called Strike
0-1: Ground out 5-3 (Groundball, 56, EV 84.4 MPH)
Batting: LHB Gil Caraveo 0-0: Ball
1-0: Foul Ball, location: 2F
1-1: Fly out, F7 (Line Drive, 7LM, EV 91.2 MPH)
Top of the 5th over - 0 runs, 0 hits, 0 errors, 0 left on base; Augusta 11 - Dayton 3
BOTTOM OF THE 5TH
Dayton Dragons batting - Pitching for Augusta GreenJackets : RHP Ryan Hoagland
Batting: LHB Phil Lomax 0-0: Fly out, F9 (Flyball, 89S, EV 79.4 MPH)
Batting: LHB Armando Arellano 0-0: Foul Ball, location: 2F
0-1: Ball
1-1: Foul Ball, location: 2F
1-2: Foul Ball, location: 2F
1-2: Foul Ball, location: 2F
1-2: Ball
2-2: Ball
3-2: Fly out, F9 (Line Drive, 9S, EV 105.0 MPH)
Batting: LHB Fernando Gomez 0-0: Called Strike
0-1: Ground out 4-3 (Groundball, 34D, EV 99.4 MPH)
Bottom of the 5th over - 0 runs, 0 hits, 0 errors, 0 left on base; Augusta 11 - Dayton 3
TOP OF THE 6TH
Augusta GreenJackets batting - Pitching for Dayton Dragons : RHP Colin Stone
Batting: RHB Matt Shepard 0-0: Ball
1-0: Foul Ball, location: 2F
1-1: Ground out 4-3 (Groundball, 34, EV 89.4 MPH)
Batting: RHB Frank Pena 0-0: Ball
1-0: Called Strike
1-1: Swinging Strike
1-2: Ball
2-2: Foul Ball, location: 2F
2-2: Foul Ball, location: 2F
2-2: Strikes out looking
Batting: RHB Adam Solesbee 0-0: Called Strike
0-1: Fly out, F2 (Popup, 13S, EV 91.9 MPH)
Top of the 6th over - 0 runs, 0 hits, 0 errors, 0 left on base; Augusta 11 - Dayton 3
BOTTOM OF THE 6TH
Dayton Dragons batting - Pitching for Augusta GreenJackets : RHP Ryan Hoagland
Batting: RHB Pedro Pinero 0-0: Foul Ball, location: 2F
0-1: Swinging Strike
0-2: Ball
1-2: Ball
2-2: Foul Ball, location: 2F
2-2: Ball
3-2: Foul Ball, location: 2F
3-2: Fly out, F7 (Flyball, 7LSF, EV 87.5 MPH)
Pitching: LHP Jimmy Heinecke
Batting: RHB Mark Williams 0-0: Called Strike
0-1: Foul Ball, location: 2F
0-2: Hit by Pitch
Batting: LHB Chris Redhead 0-0: Swinging Strike
0-1: Grounds into double play, 4-6-3 (Groundball, 34, EV 88.8 MPH)
Bottom of the 6th over - 0 runs, 0 hits, 0 errors, 0 left on base; Augusta 11 - Dayton 3
TOP OF THE 7TH
Augusta GreenJackets batting - Pitching for Dayton Dragons : RHP Colin Stone
Batting: RHB Drew Duncan 0-0: Foul Ball, location: 2F
0-1: Foul Ball, location: 2F
0-2: Ball
1-2: Fly out, F5 (Line Drive, 5L, EV 74.4 MPH)
Batting: RHB Ian Richardson 0-0: Called Strike
0-1: Ball
1-1: Swinging Strike
1-2: Foul Ball, location: 2F
1-2: Foul Ball, location: 2F
1-2: Strikes out looking
Batting: RHB Omar Jordan 0-0: Ball
1-0: Fly out, F4 (Popup, 23, EV 90.6 MPH)
Top of the 7th over - 0 runs, 0 hits, 0 errors, 0 left on base; Augusta 11 - Dayton 3
BOTTOM OF THE 7TH
Dayton Dragons batting - Pitching for Augusta GreenJackets : LHP Jimmy Heinecke
Batting: RHB Tony Casas 0-0: Ball
1-0: Ball
2-0: Ground out 5-3 (Groundball, 56, EV 81.9 MPH)
Batting: LHB Brian Snyder 0-0: Called Strike
0-1: Ground out 1-3 (Groundball, 13S, EV 65.0 MPH)
Batting: RHB Joe Kooyers 0-0: Called Strike
0-1: Ball
1-1: Ball
2-1: Ball
3-1: Reached via error on a dropped throw from 1B, E1 (Groundball, 34S, EV 88.8 MPH)
Batting: LHB Phil Lomax 0-0: Ball
1-0: Called Strike
1-1: Ball
2-1: Swinging Strike
2-2: Ball
3-2: Base on Balls
Joe Kooyers to second
Batting: LHB Armando Arellano 0-0: Ball
1-0: Ground out 1-3 (Groundball, 34S, EV 70.0 MPH)
Bottom of the 7th over - 0 runs, 0 hits, 1 error, 2 left on base; Augusta 11 - Dayton 3
TOP OF THE 8TH
Augusta GreenJackets batting - Pitching for Dayton Dragons : RHP Colin Stone
Batting: RHB Mike Jones 0-0: Ball
1-0: Called Strike
1-1: Ball
2-1: Foul Ball, location: 2F
2-2: Strikes out swinging
Batting: RHB Gabe Ochoa 0-0: Called Strike
0-1: Foul Ball, location: 2F
0-2: SINGLE (Groundball, 6MD, EV 95.6 MPH)
Pitching: RHP Vic Flores
Batting: LHB Gil Caraveo 0-0: Ball
1-0: SINGLE (Groundball, 4S, EV 69.4 MPH) (infield hit)
Gabe Ochoa to second
Batting: RHB Matt Shepard 0-0: Ball
1-0: Ball
2-0: SINGLE (Groundball, 56S, EV 65.0 MPH) (infield hit)
Gabe Ochoa to third
Gil Caraveo to second
Batting: RHB Frank Pena 0-0: SINGLE (Flyball, 8LS, EV 95.6 MPH)
Gabe Ochoa scores
Gil Caraveo to third
Matt Shepard to second
Batting: RHB Adam Solesbee 0-0: Ball
1-0: Called Strike
1-1: Ball
2-1: Ball
3-1: Base on Balls
Gil Caraveo scores
Matt Shepard to third
Frank Pena to second
Batting: RHB Drew Duncan 0-0: Ball
1-0: Ball
2-0: Ball
3-0: Base on Balls
Matt Shepard scores
Frank Pena to third
Adam Solesbee to second
Batting: RHB Ian Richardson 0-0: Called Strike
0-1: Ball
1-1: Foul Ball, location: 2F
1-2: Ball
2-2: Ground out 4-3 (Groundball, 4M, EV 98.1 MPH)
Frank Pena scores
Adam Solesbee to third
Drew Duncan to second
Batting: RHB Omar Jordan 0-0: Foul Ball, location: 2F
0-1: Ball
1-1: Ball
2-1: SINGLE (Line Drive, 3D, EV 98.1 MPH)
Adam Solesbee scores
Drew Duncan to third
Pitching: RHP Kyle Vance
Batting: RHB Mike Jones 0-0: Swinging Strike
0-1: SINGLE (Groundball, 34D, EV 110.6 MPH)
Drew Duncan scores
Omar Jordan to second
Runner from 2nd tries for 3rd, SAFE, throw by RF made to third
Batting: RHB Gabe Ochoa 0-0: Ball
1-0: DOUBLE (Line Drive, 78D, EV 106.2 MPH)
Omar Jordan scores
Mike Jones to third
Runner from 3rd tries for Home, SAFE, no throw by LF
Batting: LHB Gil Caraveo 0-0: Called Strike
0-1: Ball
1-1: Called Strike
1-2: Foul Ball, location: 2F
1-2: Ground out U3 (Groundball, 34S, EV 80.6 MPH)
Top of the 8th over - 8 runs, 7 hits, 0 errors, 1 left on base; Augusta 19 - Dayton 3
BOTTOM OF THE 8TH
Dayton Dragons batting - Pitching for Augusta GreenJackets : LHP Jimmy Heinecke
Batting: LHB Fernando Gomez 0-0: Foul Ball, location: 2F
0-1: Called Strike
0-2: Ball
1-2: Foul Ball, location: 2F
1-2: Ball
2-2: Fly out, F8 (Line Drive, 89M, EV 90.6 MPH)
Batting: RHB Pedro Pinero 0-0: Called Strike
0-1: Foul Ball, location: 2F
0-2: Ball
1-2: Strikes out swinging
Batting: RHB Mark Williams 0-0: Called Strike
0-1: Called Strike
0-2: Strikes out swinging
Bottom of the 8th over - 0 runs, 0 hits, 0 errors, 0 left on base; Augusta 19 - Dayton 3
TOP OF THE 9TH
Augusta GreenJackets batting - Pitching for Dayton Dragons : RHP Kyle Vance
Pitching: RHP Sean Jordan
Batting: RHB Matt Shepard 0-0: Swinging Strike
0-1: Foul Ball, location: 2F
0-2: Ball
1-2: Strikes out swinging
Batting: RHB Frank Pena 0-0: Ground out 5-3 (Groundball, 5, EV 85.0 MPH)
Batting: RHB Adam Solesbee 0-0: Called Strike
0-1: Fly out, F9 (Flyball, 9, EV 73.8 MPH)
Top of the 9th over - 0 runs, 0 hits, 0 errors, 0 left on base; Augusta 19 - Dayton 3
BOTTOM OF THE 9TH
Dayton Dragons batting - Pitching for Augusta GreenJackets : LHP Jimmy Heinecke
Batting: LHB Chris Redhead 0-0: DOUBLE (Line Drive, 89M, EV 102.5 MPH)
Batting: RHB Tony Casas 0-0: Called Strike
0-1: Called Strike
0-2: Fly out, F9 (Line Drive, 9S, EV 106.2 MPH)
Pitching: RHP Jay Kouns
Batting: LHB Brian Snyder 0-0: Swinging Strike
0-1: Ball
1-1: Foul Ball, location: 2F
1-2: Foul Ball, location: 2F
1-2: Foul Ball, location: 2F
1-2: Ball
2-2: Strikes out swinging
Batting: RHB Joe Kooyers 0-0: DOUBLE (Line Drive, 7LM, EV 113.1 MPH)
Chris Redhead scores
Batting: LHB Phil Lomax 0-0: Called Strike
0-1: SINGLE (Groundball, 3D, EV 99.4 MPH)
Joe Kooyers to third
Batting: LHB Armando Arellano 0-0: Foul Ball, location: 2F
0-1: Foul Ball, location: 2F
0-2: Ball
1-2: Ground out 4-3 (Groundball, 4, EV 83.1 MPH)
Bottom of the 9th over - 1 run, 3 hits, 0 errors, 2 left on base; Augusta 19 - Dayton 4
Thursday, December 15th , 2022 - OOTP Baseball 23.9 Build 102